 Dungeon Crawl Stone Soup version 0.25.1-2-g60ff931df9 (webtiles) character file.

Game seed: 5001073687149409594

219 raphialitos the Shield-Bearer (level 6, -3/48 HPs)
             Began as a Formicid Fighter on Nov 9, 2020.
             Slain by a worker ant (5 damage)
             ... on level 4 of the Dungeon.
             The game lasted 00:06:00 (2962 turns).

raphialitos the Shield-Bearer (Formicid Fighter)    Turns: 2962, Time: 00:06:01

Health: -3/48      AC: 11    Str: 23    XL:     6   Next: 18%
Magic:  6/6        EV:  7    Int:  7    God:
Gold:   180        SH: 10    Dex: 10    Spells: 5/5 levels left

rFire    . . .     SeeInvis +   m - +0 morningstar
rCold    . . .     Gourm    .   c - +0 kite shield
rNeg     + . .     Faith    .   z - +0 chain mail
rPois    .         Spirit   .   (helmet unavailable)
rElec    .         Reflect  .   w - +0 cloak
rCorr    .         Harm     .   h - +0 pair of gloves
MR       .....                  (no boots)
Stlth    ..........             (no amulet)
HPRegen  0.16/turn              x - ring of positive energy
MPRegen  0.10/turn              (no ring)

@: lethally poisoned (-3 -> -5)
A: permanent stasis, dig shafts and tunnels, four strong arms, antennae 3
a: Dig, Shaft Self


You were on level 4 of the Dungeon.
You were not hungry.

You visited 1 branch of the dungeon, and saw 4 of its levels.

You collected 180 gold pieces.

Inventory:

Hand Weapons
 a - a +0 quarterstaff
 m - a +0 morningstar (weapon)
 y - a +2 short sword of draining
Missiles
 k - 17 arrows
 p - 18 poisoned darts (quivered)
 s - 13 sling bullets
Armour
 c - a +0 kite shield (worn)
 h - a +0 pair of gloves (worn)
 w - a +0 cloak (worn)
 z - a +0 chain mail (worn)
Jewellery
 x - a ring of positive energy (left hand)
Wands
 n - a wand of paralysis (3)
Scrolls
 g - a scroll of remove curse
 r - a scroll of identify
Potions
 d - 2 potions of might
 e - a potion of flight
 i - a potion of invisibility
 j - a potion of brilliance {unknown}
 l - a potion of heal wounds {unknown}
 o - a potion of degeneration
 q - a potion of mutation {unknown}
 t - 2 potions of curing
 u - a potion of haste {unknown}
 v - a potion of lignification
Comestibles
 b - 2 chunks of flesh
 f - 9 rations


   Skills:
 + Level 3.9 Fighting
 + Level 2.1(3.0) Maces & Flails
 + Level 3.2(3.6) Staves
 + Level 4.2 Armour
 + Level 0.6 Dodging
 + Level 0.1 Stealth
 + Level 4.9 Shields


You had 5 spell levels left.
You didn't know any spells.
Your spell library was empty.

Dungeon Overview and Level Annotations

Branches:
Dungeon (4/15)
 Temple: D:4-7

Altars:


Innate Abilities, Weirdness & Mutations

You cannot be hasted, slowed, berserked, paralysed or teleported.
You can dig through walls and to a lower floor.
Your four strong arms can wield two-handed weapons with a shield.
You have a pair of large antennae on your head. (SInv)


Message History

The worker ant bites you but does no damage.
The worker ant barely misses you.
You closely miss the worker ant.
The worker ant is almost dead.
The worker ant bites you but does no damage. x2
You closely miss the worker ant.
The worker ant is almost dead.
You feel sick. The worker ant bites you.
* * * LOW HITPOINT WARNING * * *
Your shield and chain mail prevent you from hitting the worker ant.
The worker ant is almost dead.
The worker ant bites you.
* * * LOW HITPOINT WARNING * * *
You block the worker ant's attack.
You closely miss the worker ant.
The worker ant is almost dead.
The worker ant bites you.
* * * LOW HITPOINT WARNING * * *
The worker ant bites you.
You die...

........#......#
........'......#
........#......#######
...######............#
...##...#............#
........#.........%..#
........#....†.......#
>.......#............###
...##...#.....$.@a......
...##...#...............
...##...#.<.............
.[.##...#............$..
....÷...#..............#
........#..............#
........#..............#
..<######............$.#
...#


You could see a worker ant.

Vanquished Creatures
  A worker ant (D:4)
  Natasha (D:3)
  Terence (D:2)
  A gnoll (D:1)
  5 adders
  An ooze (D:3)
  A worm (D:2)
  3 dart slugs
  3 leopard geckos
  11 orcs (D:3)
  4 giant cockroaches
  5 goblins
  9 hobgoblins
  4 jackals (D:3)
  7 kobolds
  A quokka (D:3)
  3 bats
  5 frilled lizards
  8 rats
74 creatures vanquished.

Notes
Turn   | Place    | Note
-------+----------+-------------------------------------------
     0 | D:1      | raphialitos the Formicid Fighter began the quest for the
                  | Orb.
     0 | D:1      | Reached XP level 1. HP: 18/18 MP: 1/1
   220 | D:1      | You fall into a shaft and drop 1 floor!
   225 | D:2      | Reached XP level 2. HP: 24/24 MP: 2/2
   335 | D:1      | Reached XP level 3. HP: 19/29 MP: 3/3
   958 | D:2      | Reached XP level 4. HP: 37/37 MP: 4/4
  1083 | D:2      | Noticed Terence
  1090 | D:2      | Killed Terence
  1281 | D:2      | Found a faded altar of an unknown god.
  1434 | D:2      | You fall into a shaft and drop 1 floor!
  1463 | D:3      | Noticed Natasha
  1469 | D:3      | Killed Natasha
  1469 | D:3      | Reached XP level 5. HP: 38/42 MP: 5/5
  1893 | D:3      | Reached skill level 1 in Maces & Flails
  2871 | D:4      | Reached XP level 6. HP: 47/48 MP: 6/6
  2962 | D:4      | HP: 2/48 [worker ant (5)]
  2962 | D:4      | Slain by a worker ant

Illustrated notes

Levels and vault maps discovered:
D:1:      psy_arrival_dodecagon, layout_loops_cross
D:2:      layout_rooms, first_ration, chequers_ecumenical_altar_simple_redux,
          minmay_pentomino_q4, uniq_terence
D:3:      layout_basic, corner_web_ring, minmay_close_crescents, uniq_natasha
D:4:      layout_gridville, nicolae_overflow_hidden_temple

Skill      XL: |  1  2  3  4  5  6 |
---------------+-------------------+-----
Shields        | 4 |  4.9
Staves         | 3 |  3.2
Armour         | 4 |  4.2
Maces & Flails | 1 2 |  2.1
Fighting       | |  3.9
Dodging        | |  0.6
Stealth        | |  0.1

Action                   |  1- 3 |  4- 6 || total
-------------------------+-------+-------++-------
Melee: Quarterstaff      |    76 |    39 ||   115
       Morningstar       |       |   159 ||   159
  Use: Scroll            |       |    10 ||    10
  Eat: Chunk             |       |     7 ||     7
Armor: Scale mail        |    18 |    65 ||    83
       Chain mail        |       |    13 ||    13
Dodge: Dodged            |    19 |    63 ||    82
Block: Kite shield       |    33 |   103 ||   136
